 Dungeon Crawl Stone Soup version 0.19-a0-1104-gecadb88 (webtiles) character file.

113 Promi the Chiller (level 4, -11/28 HPs)
             Began as a High Elf Ice Elementalist on Aug 9, 2016.
             Killed by nerve-wracking pain
             ... invoked by Grinder
              (13 damage)
             ... on level 3 of the Dungeon.
             The game lasted 00:16:17 (3619 turns).

Promi the Chiller (High Elf Ice Elementalist)       Turns: 3619, Time: 00:16:17

Health: -11/28     AC:  7    Str:  8    XL:     4   Next: 65%
Magic:  4/10       EV: 13    Int: 18    God:
Gold:   191        SH:  0    Dex: 16    Spells: 3 memorised, 3 levels left

rFire  . . .     SeeInvis .     j - +0 short sword
rCold  . . .     Gourm    .     a - +0 robe
rNeg   . . .     Faith    .     (no shield)
rPois  .         Spirit   .     (no helmet)
rElec  .         Dismiss  .     (no cloak)
rCorr  .         Reflect  .     (no gloves)
SustAt .         Harm     .     (no boots)
MR     .....                    (no amulet)
Stlth  ++........               (no ring)
                                (no ring)

@: icy armour, slow
A: no striking features
a: no special abilities


You were on level 3 of the Dungeon.
You were hungry.

You visited 1 branch of the dungeon, and saw 3 of its levels.

You collected 191 gold pieces.

Inventory:

Hand Weapons
 j - a +0 short sword (weapon)
Armour
 a - a +0 robe (worn)
Scrolls
 d - 3 scrolls of identify
 f - a scroll of remove curse
 g - a scroll of fog
Potions
 e - 3 potions of curing {unknown}
 h - 2 potions of mutation {unknown}
 l - a potion of berserk rage {unknown}
 n - a potion of might {unknown}
 q - a potion of cancellation {unknown}
Books
 b - a book of Frost

   Spells                             Type                      Level
   a - Freeze                         Ice                          1
   b - Throw Frost                    Conjuration/Ice              2
   c - Ozocubu's Armour               Charms/Ice                   3
   d - Throw Icicle                   Conjuration/Ice              4
   e - Summon Ice Beast               Ice/Summoning                4
 m - a book of Transfigurations

   Spells                             Type                      Level
   a - Irradiate                      Conjuration/Transmutation    5
   b - Statue Form                    Transmutation/Earth          6
   c - Hydra Form                     Transmutation                6
   d - Dragon Form                    Transmutation                7
Comestibles
 c - 2 bread rations
 i - 2 fruits
 k - a meat ration
 o - a royal jelly


   Skills:
 + Level 1.0 Fighting
 + Level 0.0 Short Blades
 + Level 2.8 Dodging
 + Level 3.0 Stealth
 + Level 3.3 Spellcasting
 - Level 1.2 Conjurations
 + Level 4.0 Ice Magic


You had 3 spell levels left.
You knew the following spells:

 Your Spells              Type           Power        Failure   Level  Hunger
a - Freeze                Ice            ###.         3%          1    None
b - Throw Frost           Conj/Ice       ##....       12%         2    ##.....
c - Ozocubu's Armour      Chrm/Ice       ##......     24%         3    ###....


Dungeon Overview and Level Annotations

Branches:
Dungeon (3/15)

Altars:
Makhleb
Okawaru
Pakellas

Annotations:
D:3 Grinder


Message History

You writhe in agony.
* * * LOW HITPOINT WARNING * * *
You can move again.
Casting: Ozocubu's Armour
Confirm with . or Enter, or press ? or * to list all spells.
Aiming: Throw Frost
Press: ? - help, Shift-Dir - straight line, f - Grinder
Aim: Grinder (moderately wounded)
The puff of frost misses Grinder.
Grinder hits you.
* * * LOW HITPOINT WARNING * * *
Casting: Throw Frost
Confirm with . or Enter, or press ? or * to list all spells.
Aiming: Throw Frost
Press: ? - help, Shift-Dir - straight line, f/p - Grinder
Aim: Grinder (moderately wounded)
The puff of frost hits Grinder.
Grinder completely resists.
Grinder is moderately wounded.
Grinder gestures at you. Pain shoots through your body!
You die...

......... #######.. ### #..
####.#
##################....#
#.......##.............
#...........###'###....
#.....@5###.#.....#....
#####.......###.#.....#....
##...........'.#.+.._/.+...)
#....#.......#.#l#.....#....
#....#########...#.....#....
#....#########...###'###..##
##...5...l.................##
+..............#########.#.##
##.............# #.......#.##


You could see Grinder.

Vanquished Creatures
  5 adders
  A dart slug (D:3)
  A giant gecko (D:3)
  2 orcs (D:3)
  7 bats
  3 giant cockroaches
  4 goblins
  8 hobgoblins
  6 jackals
  8 kobolds
  3 quokkas
  4 giant newts
  6 rats
58 creatures vanquished.

Notes
Turn   | Place    | Note
-------+----------+-------------------------------------------
     0 | D:1      | Promi the High Elf Ice Elementalist began the quest for the Orb.
     0 | D:1      | Reached XP level 1. HP: 11/11 MP: 4/4
   564 | D:1      | Reached XP level 2. HP: 9/17 MP: 0/6
  1053 | D:1      | Learned a level 2 spell: Throw Frost
  1552 | D:2      | Reached XP level 3. HP: 13/21 MP: 0/8
  1644 | D:2      | Found a burning altar of Makhleb.
  1858 | D:2      | Learned a level 3 spell: Ozocubu's Armour
  2769 | D:3      | Reached XP level 4. HP: 19/27 MP: 7/9
  2806 | D:3      | Reached skill level 4 in Ice Magic
  2928 | D:3      | Found an oddly glowing altar of Pakellas.
  3101 | D:3      | Found an iron altar of Okawaru.
  3161 | D:3      | Reached skill level 1 in Fighting
  3404 | D:3      | Noticed Grinder
  3405 | D:3      | Paralysed by Grinder for 3 turns
  3615 | D:3      | Paralysed by Grinder for 3 turns
  3619 | D:3      | Killed from afar by Grinder

Vault maps used:
D:1:      dpeg_arrival_rooms_b, patterned_corridor
D:2:      old_standard_altar
D:3:      marbit_many_paths, first_bread, johnstein_pakellas_death_squad,
          uniq_grinder

Skill      XL: |  1  2  3  4 |
---------------+-------------+-----
Spellcasting   | 3 |  3.3
Ice Magic      | 4 |  4.0
Fighting       | 1 |  1.0
Stealth        | 3 |  3.0
Dodging        | |  2.8
Conjurations   | |  1.2

Action                   |  1- 3 |  4- 6 || total
-------------------------+-------+-------++-------
Melee: Unarmed           |    12 |       ||    12
       Short sword       |     1 |    28 ||    29
 Cast: Freeze            |    52 |     8 ||    60
       Throw Frost       |    25 |    15 ||    40
       Ozocubu's Armour  |       |     3 ||     3
  Use: Scroll            |     5 |     1 ||     6
 Stab: Sleeping          |     1 |     1 ||     2
  Eat: Chunk             |     7 |     3 ||    10
Armor: Robe              |    15 |     7 ||    22
Dodge: Dodged            |    36 |    24 ||    60
